 Dungeon Crawl Stone Soup version 0.31-a0-819-gf6de2f5ab6 (webtiles) character file.

Game seed: 875811210463220610

511 qw the Shooter (level 7, -4/43 HPs)
             Began as a Gargoyle Hunter on Sept 23, 2023.
             Slain by a black bear (8 damage)
             ... on level 5 of the Dungeon.
             The game lasted 00:01:26 (2994 turns).

qw the Shooter (Gargoyle Hunter)                    Turns: 2994, Time: 00:01:27

Health: -4/43      AC: 11    Str: 15      XL:     7   Next: 19%
Magic:  7/7        EV: 11    Int:  8 (9)  God:
Gold:   222        SH:  5    Dex: 15      Spells: 6/6 levels left

rFire   . . .        Y - +0 shortbow
rCold   . . .        (shield currently unavailable)
rNeg    + . .        f - +0 ring mail
rPois   inf          l - +0 helmet
rElec   +            (no cloak)
rCorr   .            (no gloves)
SInv    .            (no boots)
Will    .....        n - amulet of reflection
Stlth   +            (no ring)
HPRegen 0.27/turn    (no ring)
MPRegen 0.10/turn

%: reflection
@: no status effects
A: sickness immunity, AC +4, negative energy resistance 1, electricity
resistance, torment resistance 1, petrification resistance
a: no special abilities


You were on level 5 of the Dungeon.
You visited 1 branch of the dungeon, and saw 5 of its levels.

You collected 222 gold pieces.


Innate Abilities, Weirdness & Mutations

You are immune to sickness and miasma.
Your stone body is resilient. (AC +4)
You are immune to poison.
You resist negative energy. (rN+)
You are resistant to electric shocks. (rElec)
You are resistant to unholy torment.
You are immune to petrification.


   Skills:
 - Level 4.0 Fighting
 + Level 7.4 Ranged Weapons
 - Level 2.3 Armour
 - Level 1.5 Dodging
 - Level 1.1 Stealth


You had 6 spell levels left.
You didn't know any spells.
Your spell library was empty.

Inventory:

Hand Weapons
 Y - a +0 shortbow (weapon)
Armour
 f - a +0 ring mail (worn)
 l - a +0 helmet (worn)
Jewellery
 n - an amulet of reflection (around neck)
Scrolls
 a - a scroll of identify
Potions
 b - a potion of might
 d - a potion of lignification {unknown}
 e - a potion of enlightenment {unknown}
 g - a potion of resistance {unknown}
 h - a potion of cancellation {unknown}
 i - a potion of curing {unknown}
 k - a potion of haste {unknown}

Dungeon Overview and Level Annotations

Branches:
Dungeon (5/15)
 Temple: D:4-7

Altars:
Cheibriados
Dithmenos


Message History

The black bear bites you. The black bear barely misses you.
The black bear claws you but does no damage.
You shoot an arrow. The arrow hits the black bear.
The black bear is severely wounded.
You hear the slow rusting of a very distant drain.
The black bear misses you. The black bear claws you.
The black bear claws you but does no damage.
You shoot an arrow. The arrow hits the black bear.
The black bear is almost dead.
The black bear bites you but does no damage.
The black bear claws you but does no damage.
The black bear misses you.
The black bear bites you but does no damage.
The black bear claws you but does no damage. x2
You shoot an arrow. The arrow hits the black bear.
The black bear is almost dead.
The black bear goes berserk!
You shoot an arrow.
The arrow closely misses the black bear.
The black bear closely misses you.
The black bear claws you but does no damage.
The black bear barely misses you.
You shoot an arrow. The arrow barely misses the black bear.
The black bear barely misses you.
The black bear claws you but does no damage.
The black bear claws you.
The black bear bites you but does no damage.
The black bear claws you but does no damage. x2
You shoot an arrow.
The arrow hits the black bear but does no damage.
The black bear is almost dead.
The black bear bites you!
The black bear claws you but does no damage.
You block the black bear's attack.
The black bear bites you but does no damage.
The black bear claws you but does no damage. x2
You shoot an arrow. The arrow hits the black bear.
The black bear is almost dead.
The black bear bites you!
You die...

#...# #...# ## .##
#..W# .. ... #...#
.# ....
######...#####.#...#
...............#..#
.................
.......<.......#
######...####@#
#......##h###.#
#....#.%....h.#
#....#.##.##..#
#.....#.##.>..[..#
#.#....#.#####......
#.##...l... ...## #.
#....... #.#
.....##. #


You could see a black bear (berserk).

Vanquished Creatures
  An ogre (D:5)
  A phantom (D:5)
  A scorpion (D:4)
  A howler monkey (D:5)
  A hound (D:4)
  An iguana (D:5)
  Robin (D:3)
  8 adders
  A shadow imp (D:3)
  A worm (D:4)
  2 dart slugs
  5 orcs
  5 ball pythons
  12 endoplasms
  13 giant cockroaches
  7 goblins
  11 hobgoblins
  5 jackals
  2 quokkas (D:1)
  3 bats
  4 frilled lizards
  8 kobolds
  7 rats
101 creatures vanquished.

Notes
Turn   | Place    | Note
-------+----------+-------------------------------------------
     0 | D:1      | qw the Gargoyle Hunter began the quest for the Orb.
     0 | D:1      | Reached XP level 1. HP: 12/12 MP: 1/1
     0 | D:1      | 0 ||| qw: Version: 0.3-a-83-gcd0e7d8
     0 | D:1      | 0 ||| qw: Game counter: 1452
     0 | D:1      | 0 ||| qw: Melee chars always use a shield: true
     0 | D:1      | 0 ||| qw: God list: Okawaru
     0 | D:1      | 0 ||| qw: Allow faded altars: false
     0 | D:1      | 0 ||| qw: Do Orc after clearing Dungeon:15 true
     0 | D:1      | 0 ||| qw: Do second Lair branch before Depths: true
     0 | D:1      | 0 ||| qw: Lair rune preference: random
     0 | D:1      | 0 ||| qw: Goals: Normal
     0 | D:1      | 0 ||| PLANNING D:1-11
    77 | D:1      | Reached XP level 2. HP: 17/17 MP: 2/2
   536 | D:1      | Reached XP level 3. HP: 21/21 MP: 3/3
   567 | D:1      | Reached skill level 5 in Ranged Weapons
   825 | D:1      | 825 ||| READING scroll labelled UMIREN JYCK.
   826 | D:1      | 826 ||| READING scroll labelled GASEWOAR IDIU.
   827 | D:1      | 827 ||| READING scroll labelled GUFUEL KYGOABI.
   828 | D:1      | 828 ||| READING scroll labelled VATALL QIOTRO.
   829 | D:1      | 829 ||| DROPPING scroll of butterflies.
   948 | D:2      | Reached skill level 3 in Fighting
  1179 | D:2      | Reached XP level 4. HP: 28/28 MP: 4/4
  1340 | D:2      | 1340 ||| READING 2 scrolls labelled XIETYL BUEB.
  1341 | D:2      | 1341 ||| READING scroll labelled FEN YHEPLU.
  1344 | D:2      | 1344 ||| DROPPING scroll of amnesia.
  1617 | D:3      | Reached XP level 5. HP: 32/32 MP: 5/5
  1668 | D:3      | Noticed Robin
  1679 | D:3      | Killed Robin
  1680 | D:3      | Reached skill level 6 in Ranged Weapons
  2001 | D:3      | 2001 ||| UPGRADING to +0 helmet.
  2006 | D:3      | 2006 ||| DROPPING ring of wizardry.
  2007 | D:3      | 2007 ||| READING scroll labelled UNNADO POUQOBB.
  2008 | D:3      | 2008 ||| DRINKING 2 bubbling white potions.
  2009 | D:3      | 2009 ||| DROPPING potion of degeneration.
  2289 | D:4      | Reached XP level 6. HP: 37/37 MP: 6/6
  2380 | D:4      | Found a shadowy altar of Dithmenos.
  2672 | D:4      | Found a snail-covered altar of Cheibriados.
  2900 | D:4      | 2900 ||| UPGRADING to +0 ring mail.
  2910 | D:4      | 2910 ||| DROPPING +0 leather armour.
  2911 | D:4      | 2911 ||| UPGRADING to amulet of reflection.
  2916 | D:4      | 2916 ||| DROPPING ring of flight.
  2917 | D:4      | 2917 ||| READING scroll labelled QOPORYI JYBLAB.
  2918 | D:4      | 2918 ||| READING 2 scrolls of identify.
  2918 | D:4      | 2918 ||| IDENTIFYING black potion
  2944 | D:5      | Entered Level 5 of the Dungeon
  2945 | D:5      | 2945 ||| PLANNING SEWER
  2952 | D:5      | 2952 ||| RETREEAATING.
  2958 | D:5      | 2958 ||| RETREEAATING.
  2967 | D:5      | Noticed a black bear
  2968 | D:5      | 2968 ||| Stepping ~*~*~tactically~*~*~ (retreating).
  2969 | D:5      | 2969 ||| Stepping ~*~*~tactically~*~*~ (retreating).
  2973 | D:5      | 2973 ||| Stepping ~*~*~tactically~*~*~ (retreating).
  2974 | D:5      | 2974 ||| Stepping ~*~*~tactically~*~*~ (retreating).
  2981 | D:5      | Reached skill level 7 in Ranged Weapons
  2983 | D:5      | Reached XP level 7. HP: 28/43 MP: 7/7
  2993 | D:5      | HP: 4/43 [black bear (8)]
  2994 | D:5      | Slain by a black bear

Levels and vault maps discovered:
D:1:      dpeg_arrival_tiny_h, layout_basic, minmay_worlds_worst_comb
D:2:      layout_rooms
D:3:      layout_rooms, grunt_decor_cap, minmay_pentomino_pile,
          uniq_crazy_yiuf_cottage, uniq_robin
D:4:      layout_basic, lemuel_crystal_altar, lemuel_doored_altar
D:5:      layout_loops_cross, grunt_temple_overflow_diamond,
          portal_sewer_entry_e

Skill      XL: |  1  2  3  4  5  6 |
---------------+-------------------+-----
Ranged Weapons | 5 6 7 |  7.4
Fighting       | 3 4 |  4.0
Armour         | 2 |  2.3
Dodging        | |  1.5
Stealth        | |  1.1

Action                     |  1- 3 |  4- 6 |  7- 9 || total
---------------------------+-------+-------+-------++-------
   Fire: Shortbow          |   118 |   238 |    12 ||   368
    Use: Scroll            |     4 |     5 |       ||     9
         Potion            |       |     1 |       ||     1
 Armour: Leather armour    |    24 |    50 |       ||    74
         Ring mail         |       |    11 |    30 ||    41
  Dodge: Dodged            |    25 |    60 |     7 ||    92
  Block: Other             |       |     5 |     3 ||     8

Table legend:
 A = Non-vault XP
 B = Vault XP
 C = Vault XP percentage of total XP
 D = Non-vault monster count
 E = Vault monster count
 F = Vault count percentage of total count
                 A         B        C        D         E       F
            +---------+---------+-------+---------+---------+-------
      Total |     666 |      65 |   8.9 |      79 |      22 |  21.8
            +---------+---------+-------+---------+---------+-------
        D:1 |      38 |      12 |  24.0 |      22 |       6 |  21.4
        D:2 |      68 |       0 |   0.0 |      21 |       0 |   0.0
        D:3 |      41 |      53 |  56.4 |      10 |      16 |  61.5
        D:4 |     210 |       0 |   0.0 |      22 |       0 |   0.0
        D:5 |     309 |       0 |   0.0 |       4 |       0 |   0.0
            +---------+---------+-------+---------+---------+-------
